 Dungeon Crawl Stone Soup version 0.27-a0-287-gd4424db430 (webtiles) character file.

Game seed: 13767326674032807467

394 Lanoc the Chopper (level 7, -3/53 HPs)
             Began as a Formicid Gladiator on Feb 9, 2021.
             Splashed by a jelly's acid (6 damage)
             ... on level 4 of the Dungeon.
             The game lasted 00:02:29 (2794 turns).

Lanoc the Chopper (Formicid Gladiator)              Turns: 2794, Time: 00:02:30

Health: -3/53      AC: -3    Str: 19    XL:     7   Next: 9%
Magic:  7/7        EV: 13    Int:  7    God:
Gold:   103        SH:  0    Dex: 14    Spells: 6/6 levels left

rFire    . . .     SeeInvis +   a - +0 war axe
rCold    . . .     Faith    .   (no shield)
rNeg     . . .     Spirit   .   b - +0 leather armour
rPois    .         Reflect  .   (helmet unavailable)
rElec    .         Harm     .   (no cloak)
rCorr    .         Rampage  .   f - +0 pair of gloves
Will     .....                  (no boots)
Stlth    +.........             (no amulet)
HPRegen  0.17/turn              (no ring)
MPRegen  0.10/turn              (no ring)

@: corroded
A: permanent stasis, dig shafts and tunnels, four strong arms, antennae 3
a: Dig, Shaft Self


You were on level 4 of the Dungeon.
You visited 1 branch of the dungeon, and saw 4 of its levels.

You collected 103 gold pieces.

Inventory:

Hand Weapons
 a - a +0 war axe (weapon)
Armour
 b - a +0 leather armour (worn)
 f - a +0 pair of gloves (worn)
Wands
 i - a wand of paralysis (2)
Scrolls
 d - a scroll of fear {unknown}
 e - a scroll of amnesia {unknown}
 g - a scroll of enchant armour {unknown}
 j - a scroll of blinking {unknown}
 k - 2 scrolls of teleportation {unknown}
 l - a scroll of identify {unknown}
Potions
 h - a potion of degeneration {unknown}
 m - a potion of lignification {unknown}


   Skills:
 + Level 3.9 Fighting
 * Level 5.2 Axes
 - Level 2.0 Throwing
 + Level 3.0 Armour
 + Level 3.8 Dodging


You had 6 spell levels left.
You didn't know any spells.
Your spell library was empty.

Dungeon Overview and Level Annotations

Branches:
Dungeon (4/15)
 Temple: D:4-7

Altars:
Xom
Zin


Innate Abilities, Weirdness & Mutations

You cannot be hasted, slowed, berserked, paralysed or teleported.
You can dig through walls and to a lower floor.
Your four strong arms can wield two-handed weapons with a shield.
You have a pair of large antennae on your head. (SInv)


Message History

You hit the jelly. The acid corrodes you!
Your hands burn!
The jelly is heavily wounded.
The jelly hits you.
You are splashed with acid!
You are too injured to fight recklessly!
You are too injured to fight recklessly!
You hit the jelly.
Your hands burn!
The jelly is heavily wounded.
The jelly hits you.
You are splashed with acid.
* * * LOW HITPOINT WARNING * * *
You slash the jelly!
Your hands burn!
* * * LOW HITPOINT WARNING * * *
The jelly is almost dead.
The jelly misses you.
You hit the jelly but do no damage. The acid corrodes you!
Your hands burn!
* * * LOW HITPOINT WARNING * * *
The jelly is almost dead.
The jelly hits you.
* * * LOW HITPOINT WARNING * * *
You are splashed with acid.
You die...

..........#
#........########
##..............# .
#............... .
..# #...............
.
....##....(.........
#..................
#.................
##...@............
##..J............
##..............
#..#.......?....
..###.........< ...
#........ #...
#....(. .... .....


You could see a jelly.

Vanquished Creatures
  3 ogres (D:4)
  Ijyb (D:3)
  An orc wizard (D:3)
  A worker ant (D:4)
  An adder (D:3)
  An ooze (D:3)
  An adder skeleton (D:3)
  A worm (D:3)
  A dart slug (D:3)
  3 leopard geckos
  9 orcs
  3 giant cockroaches
  A goblin (D:3)
  2 hobgoblins (D:3)
  2 jackals (D:4)
  2 ball pythons
  3 bats (D:3)
  A frilled lizard (D:4)
  2 kobolds (D:3)
  2 rats
41 creatures vanquished.

Notes
Turn   | Place    | Note
-------+----------+-------------------------------------------
     0 | D:1      | Lanoc the Formicid Gladiator began the quest for the Orb.
     0 | D:1      | Reached XP level 1. HP: 16/16 MP: 1/1
    91 | D:1      | You fall into a shaft and drop 1 floor!
    91 | D:2      | You fall into a shaft and drop 1 floor!
   105 | D:3      | Reached XP level 2. HP: 15/23 MP: 2/2
   405 | D:3      | Reached skill level 1 in Armour
   405 | D:3      | Reached XP level 3. HP: 20/28 MP: 3/3
   668 | D:3      | Noticed an angel
   669 | D:3      | Found a glowing silver altar of Zin.
   669 | D:3      | Noticed Ijyb
   670 | D:3      | Found a shimmering altar of Xom.
   689 | D:3      | Killed Ijyb
   690 | D:3      | Reached XP level 4. HP: 15/34 MP: 4/4
   973 | D:3      | Reached skill level 4 in Axes
   979 | D:3      | Reached XP level 5. HP: 24/41 MP: 5/5
  1456 | D:4      | Noticed an ogre
  1472 | D:4      | Killed an ogre
  1473 | D:4      | Reached XP level 6. HP: 5/47 MP: 6/6
  2062 | D:4      | Noticed an ogre
  2082 | D:4      | Killed an ogre
  2083 | D:4      | Reached skill level 5 in Axes
  2587 | D:4      | Noticed an ogre
  2598 | D:4      | Killed an ogre
  2599 | D:4      | Reached XP level 7. HP: 22/53 MP: 7/7
  2794 | D:4      | Splashed by a jelly's acid

Illustrated notes

Levels and vault maps discovered:
D:1:      arrival_zaba_pyramid, layout_basic, serial_park_tiny_pond
D:2:      layout_basic, lemuel_doored_altar, grunt_temple_overflow_open
D:3:      layout_loops_ring, grunt_temple_overflow_order_and_chaos_1, uniq_ijyb
D:4:      layout_layer_cave, gammafunk_temple_overflow_statue,
          uniq_crazy_yiuf_cottage

Skill      XL: |  1  2  3  4  5  6 |
---------------+-------------------+-----
Armour         | 1 2 3 |  3.0
Dodging        | 3 |  3.8
Fighting       | 3 |  3.9
Axes           | 4 5 |  5.2
Throwing       | |  2.0

Action                   |  1- 3 |  4- 6 |  7- 9 || total
-------------------------+-------+-------+-------++-------
Melee: War axe           |    79 |    74 |     5 ||   158
Throw: Throwing net      |       |     3 |       ||     3
 Abil: Dig               |     1 |       |       ||     1
       Shaft Self        |     1 |       |       ||     1
 Stab: Held in net/web   |       |     2 |       ||     2
Armor: Leather armour    |    32 |    17 |       ||    49
Dodge: Dodged            |    65 |    45 |     2 ||   112

Table legend: (Time is in decaauts)
 A = Elapsed time spent in this place.
 B = Non-inter-level travel time spent in this place.
 C = Inter-level travel time spent in this place.
 D = Time resting spent in this place.
 E = Time spent auto-exploring this place.
 F = Levels seen in this place.
 G = Mean time per level.
                   A        B        C        D        E       F      G
               +--------+--------+--------+--------+--------+-----+--------+
         Total |   2840 |   2817 |     23 |      0 |   2445 |   4 |  710.0 |
       Dungeon |   2840 |   2817 |     23 |      0 |   2445 |   4 |  710.0 |
               +--------+--------+--------+--------+--------+-----+--------+

Top non-repeatable levels by time:
     D:3: 1382 daAuts
     D:4: 1363 daAuts
     D:1: 95 daAuts
